cohdb
Replays
Latest Replays
All Replays
Popular Replays
Top Player Replays
Match Explorer
How It Works
Community
CoH3 Stats
Reddit
Sign in to upload your games and track your stats! →
Sign in with Steam
Match 42934579
Unlisted
Match 42934579
Overview
Messages
Build Orders
End
Construct Infanterie Kompanie
Kettenkrad Recon Vehicle
Selects Mechanized Battlegroup
MG 42 Machine Gun Team
Grenadier Squad
MG 42 Machine Gun Team
Grenadier Squad
Construct Luftwaffe Kompanie
Medical Station
Selects Raid Package
Support Elements
Jäger Squad
Wirbelwind Flakpanzer
Jäger Squad
Selects StuG Assault Group
Marder III M Tank Destroyer
Jäger Squad
Pioneer Squad
StuG Assault Group
Construct Panzer Kompanie
Pioneer Squad
Selects Panther Heavy Tank
Panther Heavy Tank
Selects Mobile Repair Stations
Selects Wespe Self-propelled Artillery
Stoßtruppen Squad
Panther Heavy Tank
Selects Zeroing Artillery Barrage
Rapier bonanza
matrix4x4
0
0
Comments
sign in to comment!
No comments posted yet!